 Dungeon Crawl Stone Soup version 0.29-a0-384-g6960b1960d (webtiles) character file.

Game seed: 1735235724816804052

116 HendSelp the Insei (level 5, -2/38 HPs)
             Began as a Human Transmuter on May 6, 2022.
             Was an Initiate of Gozag.
             Slain by a scorpion (4 damage)
             ... on level 4 of the Dungeon.
             The game lasted 00:03:21 (5331 turns).

HendSelp the Insei (Human Transmuter)               Turns: 5331, Time: 00:03:22

Health: -2/38      AC:  2    Str: 12    XL:     5   Next: 20%
Magic:  8/9        EV: 12    Int: 13    God:    Gozag
Gold:   158        SH:  0    Dex: 14    Spells: 6/9 levels left

rFire   . . .      SeeInvis .     - Unarmed
rCold   . . .      Faith    .   (no shield)
rNeg    . . .      Spirit   .   a - +0 robe
rPois   .          Reflect  .   (no helmet)
rElec   .          Harm     .   (no cloak)
rCorr   .          Rampage  .   (no gloves)
Will    .....                   (no boots)
Stlth   +.........              (no amulet)
HPRegen 0.12/turn               (no ring)
MPRegen 0.11/turn               (no ring)

@: lethally poisoned (-2 -> -16), wereblooded
A: no striking features
a: Renounce Religion, Potion Petition, Call Merchant, Bribe Branch


You were on level 4 of the Dungeon.
You worshipped Gozag.
Gozag was aware of your devotion.
You visited 1 branch of the dungeon, and saw 4 of its levels.

You collected 189 gold pieces.
You paid 31 gold pieces to Gozag.

Inventory:

Armour
 a - a +0 robe (worn)
Scrolls
 e - a scroll of immolation
 k - a scroll of identify
 l - 3 scrolls of teleportation {unknown}
 n - a scroll of enchant weapon
Potions
 b - a potion of flight {unknown}
 c - 3 potions of might
 d - a potion of brilliance {unknown}
 f - a potion of magic {unknown}
 g - 2 potions of ambrosia {unknown}
 h - 3 potions of haste
 i - 2 potions of heal wounds {unknown}
 j - 2 potions of curing {unknown}


   Skills:
 + Level 1.7 Fighting
 - Level 2.0 Dodging
 + Level 4.3 Unarmed Combat
 + Level 2.8 Spellcasting
 + Level 2.7 Transmutations


You had 6 spell levels left.
You knew the following spells:

 Your Spells              Type           Power      Damage    Failure   Level
a - Beastly Appendage     Tmut           16%        N/A       8%          1
b - Wereblood             Tmut           8%         N/A       12%         2

Your spell library contained the following spells:

 Spells                   Type           Power      Damage    Failure   Level
 Animate Skeleton         Necr           2%         N/A       24%         1
 Apportation              Tloc           2%         N/A       24%         1
 Summon Small Mammal      Summ           4%         N/A       24%         1
 Spider Form              Tmut/Pois      5%         N/A       38%         3
 Ice Form                 Ice/Tmut       5%         N/A       80%         4


Dungeon Overview and Level Annotations

Branches:
Dungeon (4/15)
 Temple: D:4-7

Altars:
Gozag
Xom

Shops:
D:1 :


Message History

The scorpion is heavily wounded.
The scorpion stings you but does no damage.
You barely miss the scorpion.
The scorpion is heavily wounded.
The scorpion stings you.
You hit the scorpion but do no damage. You punch the scorpion.
The scorpion is severely wounded.
The scorpion stings you but does no damage.
The scorpion barely misses you.
You hit the scorpion but do no damage.
The scorpion is severely wounded.
The scorpion stings you.
You are poisoned.
The scorpion poisons you!
You hit the scorpion but do no damage.
The scorpion is severely wounded.
You feel sick. The scorpion closely misses you.
You are too injured to fight recklessly!
You closely miss the scorpion.
The scorpion is severely wounded.
You feel sick. The scorpion stings you.
* * * LOW HITPOINT WARNING * * *
Unknown command.
Unknown command.
You barely miss the scorpion.
The scorpion is severely wounded.
You feel sick. The scorpion stings you.
* * * LOW HITPOINT WARNING * * *
You are lethally poisoned!
The scorpion poisons you!
Unknown command.
Unknown command.
Unknown command.
You barely miss the scorpion.
The scorpion is severely wounded.
* * * LOW HITPOINT WARNING * * *
You feel very sick. The scorpion stings you.
You die...
Your body crumbles into a pile of gold.

### # ##.########
###.#.#####.........#
......s@.....########
###.#.#####..# # #
#..# #. #..# .. #..#
.###.#.#####..#
..............#
.#.#...##.###.#
......##.#.#.#


You could see a scorpion.

Vanquished Creatures
  An iguana (D:4)
  3 adders
  A worm (D:2)
  3 dart slugs
  5 orcs
  2 endoplasms (D:1)
  A giant cockroach (D:1)
  3 goblins
  5 hobgoblins
  9 jackals (D:1)
  A kobold (D:3)
  3 quokkas
  A ball python (D:1)
  6 bats
  2 rats
46 creatures vanquished.

Vanquished Creatures (others)
  2 plants (D:1)
2 creatures vanquished.

Grand Total: 48 creatures vanquished

Notes
Turn   | Place    | Note
-------+----------+-------------------------------------------
     0 | D:1      | HendSelp the Human Transmuter began the quest for the Orb.
     0 | D:1      | Reached XP level 1. HP: 15/15 MP: 3/3
    58 | D:1      | Reached XP level 2. HP: 3/21 MP: 3/5
  1079 | D:1      | Found Reinoip's Book Emporium.
  1103 | D:1      | Reached XP level 3. HP: 9/26 MP: 4/6
  1711 | D:1      | Found a faded altar of an unknown god.
  1826 | D:1      | You fall into a shaft and drop 1 floor!
  2840 | D:2      | Learned a level 2 spell: Wereblood
  3202 | D:2      | Reached XP level 4. HP: 21/32 MP: 5/7
  3755 | D:3      | Reached skill level 4 in Unarmed Combat
  4379 | D:3      | Found an opulent altar of Gozag.
  4379 | D:3      | Found a shimmering altar of Xom.
  4716 | D:3      | Became a worshipper of Gozag Ym Sagoz the Greedy
  4810 | D:4      | Reached XP level 5. HP: 5/38 MP: 7/9
  5331 | D:4      | Slain by a scorpion

Illustrated notes

Levels and vault maps discovered:
D:1:      wander_arrival_abandoned_jail, layout_loops_corners,
          shapermc_ecumenical_altar_mp_urbaneastern, serial_shops, shop
D:2:      layout_loops_corners
D:3:      layout_loops_cross, gammafunk_temple_overflow_pools
D:4:      layout_basic

Skill      XL: |  1  2  3  4 |
---------------+-------------+-----
Unarmed Combat | 4 |  4.3
Fighting       | |  1.7
Dodging        | |  2.0
Spellcasting   | |  2.8
Transmutations | |  2.7

Action                   |  1- 3 |  4- 6 || total
-------------------------+-------+-------++-------
Melee: Unarmed           |    97 |    72 ||   169
       Headbutt          |    10 |     1 ||    11
       Kick              |    12 |     9 ||    21
       Punch             |     2 |     4 ||     6
 Cast: Beastly Appendage |    16 |    10 ||    26
       Wereblood         |       |     2 ||     2
  Use: Potion            |     1 |     1 ||     2
       Scroll            |     4 |     3 ||     7
 Stab: Sleeping          |     1 |       ||     1
Armor: Robe              |    15 |    13 ||    28
       Skin              |     3 |       ||     3
Dodge: Dodged            |    69 |    50 ||   119

Table legend: (Time is in decaauts)
 A = Elapsed time spent in this place.
 B = Non-inter-level travel time spent in this place.
 C = Inter-level travel time spent in this place.
 D = Time resting spent in this place.
 E = Time spent auto-exploring this place.
 F = Levels seen in this place.
 G = Mean time per level.
                   A        B        C        D        E       F      G
               +--------+--------+--------+--------+--------+-----+--------+
         Total |   5320 |   5144 |    176 |    543 |   4205 |   4 | 1330.0 |
       Dungeon |   5320 |   5144 |    176 |    543 |   4205 |   4 | 1330.0 |
               +--------+--------+--------+--------+--------+-----+--------+

Top non-repeatable levels by time:
     D:1: 2518 daAuts
     D:2: 1188 daAuts
     D:3: 1058 daAuts
     D:4: 556 daAuts
